 Dungeon Crawl Stone Soup version 0.32-a0-685-g93135e86f0 (webtiles) character file.

Game seed: 10608637291451793523

141460 cforsyth the Severer (level 16, -2/151 HPs)
             Began as a Mountain Dwarf Cinder Acolyte on Mar 13, 2024.
             Was a High Priest of Ignis.
             Slain by a wolf spider (11 damage)
             ... led by a torpor snail
             ... on level 1 of the Spider Nest.
             The game lasted 01:57:22 (55352 turns).

cforsyth the Severer (MDCA)                        Turns: 55352, Time: 01:57:23

Health: -2/151     AC: 30    Str: 31    XL:     16   Next: 78%
Magic:  27/27      EV:  9    Int: 21    God:    Ignis [*****.]
Gold:   3595       SH:  0    Dex:  2    Spells: 17/30 levels left

rFire   + . .        a - +9 hand axe of Reinforcement {freeze, Will++ SInv}
rCold   + . .        (no shield)
rNeg    + . .        w - +8 chain mail of Kindness {rN+ Slay+3}
rPois   .            q - +2 helmet
rElec   .            g - +0 cloak
rCorr   .            (no gloves)
SInv    +            M - +2 pair of boots
Will    +++..        I - amulet of magic regeneration Stlth
                     r - ring "Ekunurae" {^Contam rC+ Str+7 Dex-3 Slay+2}
HPRegen 0.45/turn    u - ring "Yvosch" {Str+3 Int+2 SInv}
MPRegen 0.60/turn

%: no passive effects
@: no status effects
A: runic magic, artefact enchanting
a: Renounce Religion, Fiery Armour, Foxfire Swarm, Rising Flame


You were on level 1 of the Spider Nest.
You worshipped Ignis.
Ignis was extremely pleased with you.
You visited 4 branches of the dungeon, and saw 24 of its levels.
You also visited: Bailey, Gauntlet and Ice Cave.

You collected 4061 gold pieces.
You spent 466 gold pieces at shops.


Innate Abilities, Weirdness & Mutations

Your spellcasting is much less encumbered by armour.
You can use scrolls of enchantment on lesser artefacts.


   Skills:
 + Level 16.1 Fighting
 + Level 17.5 Axes
 + Level 15.8 Armour
 + Level 7.8 Shields
 - Level 7.6 Spellcasting
 - Level 7.0 Conjurations
 - Level 15.4 Fire Magic


You had 17 spell levels left.
You knew the following spells:

 Your Spells              Type           Power      Damage    Failure   Level
f - Fireball              Conj/Fire      26%        3d12      3%          5
X - Scorch                Fire           100%       2d9       1%          2
Y - Starburst             Conj/Fire      26%        6d8       16%         6

Your spell library contained the following spells:

 Spells                   Type           Power      Damage    Failure   Level
 Foxfire                  Conj/Fire      100%       2x1d9     1%          1
 Sting                    Conj/Alch      88%        1d8       2%          1
 Ignite Poison            Fire/Alch      40%        N/A       4%          4
 Stone Arrow              Conj/Erth      44%        3d9       8%          3
 Sandblast                Erth           16%        2d6       11%         1
 Cigotuvi's Dreadful Rot  Necr/Alch/Air  16%        N/A       16%         2
 Ensorcelled Hibernation  Hex/Ice        16%        N/A       16%         2
 Mercury Vapours          Alch/Air       16%        N/A       16%         2
 Sublimation of Blood     Necr           8%         N/A       16%         2
 Brom's Barrelling Bould  Conj/Erth      22%        2d4       24%         4
 Frozen Ramparts          Ice            16%        1d3       30%         3
 Fugue of the Fallen      Necr           8%         N/A       30%         3
 Gell's Gravitas          Tloc           8%         N/A       30%         3
 Ozocubu's Armour         Ice            8%         N/A       30%         3
 Passwall                 Erth           8%         N/A       30%         3
 Swiftness                Air            8%         N/A       30%         3
 Teleport Other           Tloc           8%         N/A       30%         3
 Irradiate                Conj/Alch      11%        3d15      56%         5
 Plasma Beam              Fire/Air       20%        2x1d32    56%         6
 Animate Armour           Summ/Erth      16%        N/A       71%         4
 Manifold Assault         Tloc           8%         N/A       71%         4
 Petrify                  Alch/Erth      8%         N/A       71%         4
 Freezing Cloud           Conj/Ice/Air   8%         6-21      73%         5
 Lee's Rapid Deconstruct  Erth           4%         3d5*      96%         5
 Metabolic Englaciation   Hex/Ice        4%         N/A       96%         5
 Dispersal                Tloc           4%         N/A       100%        6
 Eringya's Noxious Bog    Alch           4%         4d6       100%        6
 Haunt                    Necr/Summ      4%         N/A       100%        7
 Borgnjor's Revivificati  Necr           4%         N/A       100%        8
 Death's Door             Necr           4%         N/A       100%        9

Inventory:

Hand Weapons
 a - the +9 hand axe of Reinforcement (weapon) {freeze, Will++ SInv}
   (You found it on level 10 of the Dungeon)

   Will++:    It greatly increases your willpower.
   SInv:      It lets you see invisible.
 b - the +10 mace "Tormentor" {heavy, rC++ Int+3 Stlth-}
   (You took it off a tengu warrior on level 8 of the Dungeon)

   Int+3:     It affects your intelligence (+3).
   rC++:      It greatly protects you from cold.
   Stlth-:    It makes you less stealthy.
 s - the +5 broad axe "Oculing" {vamp, Int+5 Dex+4}
   (You found it in a Gauntlet)

   Int+5:     It affects your intelligence (+5).
   Dex+4:     It affects your dexterity (+4).
 U - a +0 broad axe
Armour
 g - a +0 cloak (worn)
 q - a +2 helmet (worn)
 w - the +8 chain mail of Kindness (worn) {rN+ Slay+3}
   (You found it on level 3 of the Dungeon)

   Slay+3:    It affects your accuracy & damage with ranged weapons and melee
   (+3).
   rN+:       It protects you from negative energy.
 M - a +2 pair of boots (worn)
Jewellery
 r - the ring "Ekunurae" (left hand) {^Contam rC+ Str+7 Dex-3 Slay+2}
   (You found it in an ice cave)

   [ring of protection from cold]

   Str+7:     It affects your strength (+7).
   Dex-3:     It affects your dexterity (-3).
   Slay+2:    It affects your accuracy & damage with ranged weapons and melee
   (+2).
   rC+:       It protects you from cold.
   ^Contam:   It causes magical contamination when unequipped.
 u - the ring "Yvosch" (right hand) {Str+3 Int+2 SInv}
   (You found it in a Gauntlet)

   [ring of see invisible]

   Str+3:     It affects your strength (+3).
   Int+2:     It affects your intelligence (+2).
   SInv:      It lets you see invisible.
 C - a ring of ice
 I - an amulet of magic regeneration (around neck)
 P - a ring of poison resistance
 W - an amulet of reflection
Wands
 o - a wand of charming (8)
 x - a wand of light (18)
 K - a wand of mindburst (22)
 O - a wand of iceblast (5)
 R - a wand of digging (7)
 T - a wand of flame (56)
Scrolls
 d - 4 scrolls of immolation
 f - a scroll of revelation
 h - 2 scrolls of fear
 k - 6 scrolls of poison
 l - 2 scrolls of fog
 m - 4 scrolls of teleportation {@r2}
 v - 3 scrolls of enchant armour
 A - 4 scrolls of vulnerability
 J - 5 scrolls of brand weapon
 L - a scroll of silence {!r}
 N - 6 scrolls of amnesia
 S - a scroll of butterflies
 Z - 5 scrolls of enchant weapon
Potions
 e - a potion of might
 i - 2 potions of magic
 j - a potion of invisibility {unknown}
 n - 2 potions of enlightenment
 p - a potion of attraction
 t - 2 potions of curing {@q1}
 z - 5 potions of haste {@q3}
 B - 5 potions of ambrosia
 D - 7 potions of mutation
 E - 3 potions of cancellation
 G - 3 potions of resistance
 H - 4 potions of brilliance
 V - 3 potions of lignification
 X - a potion of heal wounds {@q2}
Miscellaneous
 c - a lightning rod (4/4)
 y - a phial of floods
 Q - a phantom mirror
 Y - a sack of spiders

Dungeon Overview and Level Annotations

Branches:
Dungeon (15/15)            Temple (0/1) D:7            Lair (5/5) D:11
 Shoals (0/4) Lair:3       Spider (2/4) Lair:3        Slime (0/5) Lair:4
    Orc (2/2) D:11            Elf (0/3) Orc:2        Vaults (0/5) D:13
 Depths (0/4) D:15         Bailey (visited)           IceCv (visited)
Gauntlet (visited)

Altars:
Ashenzari
Dithmenos
Gozag
Makhleb
Okawaru
Qazlal
Vehumet
Xom
The Shining One
Beogh

Shops:
D:9 (   D:11 :   D:12 ! Orc:2

**[(
.........#.....................#.
#.............#..................
.<.#..........>..................
..[.....................#..^.....
.#...............^......#####.#..
........#.....^...#.########.....
#.^......#.........#^#^.#.......s
..............#..s..##...........
................@...###.........#
................##.## ##.........
##.......#.......#.# #...>....#
##....(..........## ###..#..##
#..............## #.#####
#..............## ###
#.......#.......#
####....#........###
#.......^.#........##


You could see a wolf spider (blind, unable to see you).


Message History

The redback bites you but does no damage.
You hit the redback. You freeze the redback.
The redback is severely wounded.
You barely miss the wolf spider.
The redback bites you but does no damage.
The wolf spider hits you.
* * * LOW HITPOINT WARNING * * *
The wolf spider closely misses you.
Unknown command.
You slice the redback!! You freeze the redback.
You kill the redback!
You hit the wolf spider but do no damage.
Unknown command.
Unknown command.
Unknown command.
You hit the wolf spider. You freeze the wolf spider.
The wolf spider is lightly wounded.
The wolf spider hits you.
* * * LOW HITPOINT WARNING * * *
The wolf spider bites you but does no damage.
Unknown command.
Unknown command.
Aiming: Bolt of Light
Press: ? - help, Shift-Dir - straight line, f - wolf spider
Aim: a wolf spider (lightly wounded, 71% to hit)
The bolt of light hits the wolf spider!
The wolf spider is moderately wounded.
The wolf spider is blinded.
The wolf spider hits you!
You die...
Ignis goes out, and joins you in death.

Skill      XL: |  1  2  3  4  5  6  7  8  9 10 11 12 13 14 15 16 |
---------------+-------------------------------------------------+-----
Armour         | 1 2 3 4 5 6 8 9 11 12 13 14 15 | 15.8
Axes           | 4 5 6 7 8 9 11 12 13 15 16 17 | 17.5
Fire Magic     | 4 5 6 7 8 9 11 12 13 14 15 | 15.4
Fighting       | 4 5 6 7 9 10 11 12 13 15 16 | 16.1
Spellcasting   | 2 3 4 5 6 7 |  7.6
Conjurations   | 2 5 7 |  7.0
Shields        | 5 7 |  7.8

Action                     |  1- 3 |  4- 6 |  7- 9 | 10-12 | 13-15 | 16-18 || total
---------------------------+-------+-------+-------+-------+-------+-------++-------
  Melee: Hand axe          |    56 |    19 |     3 |   149 |  1012 |   286 ||  1525
         Halberd           |       |       |    67 |    79 |       |       ||   146
         Mace              |       |       |       |       |    14 |       ||    14
         Broad axe         |       |       |       |       |    28 |    87 ||   115
   Cast: Scorch            |    28 |    65 |   138 |   458 |   205 |       ||   894
         Fireball          |       |       |       |       |   291 |   122 ||   413
         Starburst         |       |       |       |       |       |     1 ||     1
  Evoke: Wand              |       |       |       |     9 |     1 |     6 ||    16
    Use: Scroll            |       |       |       |    25 |    11 |    11 ||    47
         Potion            |       |       |       |       |     5 |     5 ||    10
   Stab: Distracted        |       |       |     1 |       |       |       ||     1
         Invisible         |       |       |       |     1 |       |     1 ||     2
         Confused          |       |       |       |       |     2 |       ||     2
 Armour: Robe              |    48 |    34 |       |       |       |       ||    82
         Chain mail        |       |    16 |   170 |   516 |  1080 |   614 ||  2396
  Dodge: Dodged            |    51 |    33 |    80 |   175 |   385 |   181 ||   905

Levels and vault maps discovered:
D:1:      lightli_arrival_isolated_outpost, layout_loops_corners,
          corexii_leaking_fountain
D:2:      layout_loops_ring, basic_altar, minivault_23, minmay_fountain_box,
          uniq_terence, uniq_robin, uniq_crazy_yiuf_cottage
D:3:      layout_basic, mainiacjoe_overflow_24_doors, minmay_gold_behind_fungi,
          uniq_sigmund, uniq_ijyb
D:4:      layout_layer_cave, hangedman_decor_opposing
D:5:      layout_loops_ring, serial_aquarium, aquarium_bridge_long_separate
          [aquarium_subvault_window, aquarium_subvault_window,
          aquarium_subvault_bridge, aquarium_subvault_bridge,
          aquarium_subvault_bridge, aquarium_subvault_window],
          aquarium_bridge_square [aquarium_subvault_bridge,
          aquarium_subvault_wall, aquarium_subvault_bridge,
          aquarium_subvault_wall], aquarium_window_fake, aquarium_window_1,
          aquarium_view_2f, uniq_blork_the_orc
D:6:      layout_rooms, palyth_stone_intersect, uniq_maggie, uniq_prince_ribbit1
D:7:      layout_basic, nicolae_qazlal_beasts_of_the_sky,
          minmay_temple_entry_proselytizer, minivault_5, uniq_pikel
D:8:      minmay_the_grid_octo_2x2 [minmay_the_grid_octo_teeth,
          minmay_the_grid_octo_fat_diamond, minmay_the_grid_octo_clover_2,
          minmay_the_grid_octo_prize_square_snowflake], layout_rooms,
          mainiacjoe_overflow_small_starburst,
          grunt_temple_overflow_lords_of_destruction
D:9:      gammafunk_sealed_arena, layout_long_grid, serial_shops, shop,
          uniq_joseph
D:10:     kennysheep_blocky_room, layout_loops_ring, lemuel_doored_altar,
          nicolae_ashenzari_skybound, enter_bailey_2
D:11:     layout_stronghold, erik_lair_orcish_takeover, hiddenorc2_lemuel,
          nicolae_shop_i_like_small_books_too
D:12:     layout_irregular_city, serial_shops, nicolae_shop_tiny_statue_garden,
          st_stairs_4, okawaru_metal_pillars_3, uniq_psyche, uniq_maurice,
          uniq_kirke
D:13:     layout_grid_maze, david_vaults_3, portal_ice_cave_entry_pillars_1
D:14:     layout_cave_pods
D:15:     hellmonk_depths_entry_around_the_bend, layout_basic,
          hangedman_decor_clover_reticule
Lair:1:   layout_hall_layers, serial_bayou, serial_bayou_pond_c,
          serial_bayou_pond_a, serial_bayou_pond_c, serial_bayou_pond_a,
          serial_bayou_lagoon_b, maelrawn_ghost_gauntlet_escape,
          nicolae_lair_grazing_beasts [nicolae_sub_lair_graze_edge,
          nicolae_sub_lair_graze_edge, nicolae_sub_lair_graze_edge,
          nicolae_sub_lair_graze_edge]
Lair:2:   minmay_lair_oklob_tunnel, layout_small_grid,
          infiniplex_staircase_pool, uniq_sonja
Lair:3:   layout_misc_corridors, minmay_shoals_entry_centaurs,
          nicolae_spider_entry_lesser_pyramids, uniq_urug
Lair:4:   layout_regular_city, minmay_slime_entry_pillars
Lair:5:   guppyfry_lair_end_dragon, layout_loops_ring, hangedman_lair_in_review,
          ebering_ghost_disaster_area, gauntlet_entry_generic
Spider:1: nicolae_spider_mines_2, uniq_agnes, uniq_frances, uniq_jorgrun
Spider:2: layout_spider_delve
Orc:1:    layout_caves, basic_altar
Orc:2:    grunt_orc_community_town_hall, layout_caves,
          grunt_orc_community_big_house_2, grunt_orc_community_big_house_1,
          grunt_orc_community_house_3, grunt_orc_community_house_1,
          grunt_orc_community_house_2, grunt_orc_community_house_1,
          grunt_orc_community_house_3, ebering_ghost_rock_garden,
          nicolae_orc_found_a_spring, nicolae_orc_quarried_blocks, uniq_azrael,
          uniq_donald

Notes
Turn   | Place    | Note
-------+----------+-------------------------------------------
     0 | D:1      | cforsyth the Mountain Dwarf Cinder Acolyte began the quest
                  | for the Orb.
     0 | D:1      | Reached XP level 1. HP: 19/19 MP: 2/2
   342 | D:1      | Reached XP level 2. HP: 26/26 MP: 3/3
  1071 | D:1      | Learned a level 2 spell: Scorch
  1106 | D:2      | Noticed Terence
  1180 | D:2      | Reached skill level 1 in Armour
  1385 | D:2      | Noticed Robin
  1540 | D:2      | Reached skill level 4 in Axes
  1540 | D:2      | Reached skill level 4 in Fire Magic
  1540 | D:2      | Reached XP level 3. HP: 31/31 MP: 1/5
  2067 | D:2      | Found a shimmering altar of Xom.
  2207 | D:2      | Killed Robin
  2208 | D:2      | Reached XP level 4. HP: 40/40 MP: 1/6
  2676 | D:2      | Found a runed translucent door.
  2677 | D:2      | Noticed Crazy Yiuf
  3489 | D:3      | Reached skill level 2 in Armour
  3599 | D:3      | Reached skill level 4 in Fighting
  3673 | D:3      | Found a glowing golden altar of the Shining One.
  3680 | D:3      | Noticed Sigmund
  3735 | D:3      | Killed Sigmund
  3736 | D:3      | Reached skill level 2 in Spellcasting
  3736 | D:3      | Reached XP level 5. HP: 47/47 MP: 0/8
  3736 | D:3      | Reached XP level 6. HP: 53/53 MP: 0/9
  4319 | D:3      | Noticed Ijyb
  4444 | D:2      | Killed Ijyb
  4589 | D:3      | Identified the +8 chain mail of Kindness {rN+ Slay+3}
  5297 | D:4      | Reached skill level 5 in Axes
  5297 | D:4      | Reached skill level 5 in Fire Magic
  5360 | D:4      | Reached skill level 3 in Armour
  5838 | D:4      | Reached XP level 7. HP: 60/60 MP: 0/11
  6058 | D:4      | Reached skill level 5 in Fighting
  6324 | D:4      | Reached skill level 3 in Spellcasting
  6815 | D:5      | Entered Level 5 of the Dungeon
  6932 | D:5      | Noticed Blork the orc
  6935 | D:5      | Killed Blork the orc
  7119 | D:5      | Identified the +6 halberd "Pendulum" {spect, ^Fragile rF+
                  | Will++}
  7297 | D:5      | Reached skill level 4 in Armour
  7298 | D:5      | Reached skill level 6 in Fire Magic
  7316 | D:5      | Reached skill level 6 in Axes
  7754 | D:6      | Reached XP level 8. HP: 67/69 MP: 11/13
  7826 | D:6      | Noticed Prince Ribbit
  7830 | D:6      | Killed Prince Ribbit
  7994 | D:5      | Reached skill level 6 in Fighting
  8097 | D:6      | Reached skill level 5 in Armour
  8100 | D:6      | Noticed Maggie
  8153 | D:6      | Killed Maggie
  8154 | D:6      | Reached skill level 7 in Axes
  8154 | D:6      | Reached skill level 4 in Spellcasting
  8154 | D:6      | Reached skill level 7 in Fire Magic
  8396 | D:6      | Got the Folio of Crystalline Abominable Deeds
  8841 | D:7      | Found a stormy altar of Qazlal.
  8853 | D:7      | Reached XP level 9. HP: 78/78 MP: 8/15
  9207 | D:7      | Found a staircase to the Ecumenical Temple.
  9541 | D:7      | Reached skill level 7 in Fighting
  9594 | D:7      | Reached skill level 6 in Armour
  9727 | D:7      | Noticed Pikel
  9747 | D:6      | Killed Pikel
  9748 | D:6      | Reached skill level 8 in Axes
  9748 | D:6      | Reached skill level 8 in Fire Magic
 10176 | D:7      | Reached skill level 5 in Spellcasting
 10495 | D:8      | Found an opulent altar of Gozag.
 10980 | D:8      | Noticed a tengu warrior
 11114 | D:7      | Reached XP level 10. HP: 75/88 MP: 8/18
 11309 | D:8      | Noticed a meliai
 11318 | D:8      | Killed a meliai
 11319 | D:8      | Reached skill level 7 in Armour
 11322 | D:8      | Reached skill level 8 in Fighting
 12017 | D:8      | Identified the amulet "Astiun" {Faith Rampage rElec Will-}
 12017 | D:8      | Noticed a meliai
 12023 | D:8      | Killed a meliai
 12024 | D:8      | Reached skill level 9 in Axes
 12024 | D:8      | Reached skill level 9 in Fire Magic
 12498 | D:8      | Noticed a green ugly thing
 12514 | D:8      | Killed a green ugly thing
 12619 | D:8      | Identified the +10 mace "Tormentor" {heavy, rC++ Int+3
                  | Stlth-}
 12630 | D:8      | Killed a tengu warrior
 12631 | D:8      | Reached skill level 6 in Spellcasting
 12785 | D:8      | Noticed a boulder beetle
 13104 | D:8      | Killed a boulder beetle
 13105 | D:8      | Reached skill level 8 in Armour
 13178 | D:8      | Found a radiant altar of Vehumet.
 13179 | D:8      | Found a burning altar of Makhleb.
 13333 | D:8      | Noticed a cyclops
 13348 | D:8      | Killed a cyclops
 13348 | D:8      | Noticed a cyclops
 13349 | D:8      | Reached skill level 9 in Fighting
 13499 | D:8      | Killed a cyclops
 13500 | D:8      | Reached XP level 11. HP: 73/97 MP: 7/20
 13695 | D:8      | Reached skill level 10 in Axes
 13909 | D:9      | Noticed an ogre mage
 13909 | D:9      | Noticed an obsidian statue
 13909 | D:9      | Noticed a centaur warrior
 13909 | D:9      | Noticed a two-headed ogre
 13909 | D:9      | Found a transporter.
 13916 | D:9      | Killed a two-headed ogre
 13917 | D:9      | Reached skill level 10 in Fire Magic
 14247 | D:9      | Noticed a fire crab
 14258 | D:9      | Found a transporter.
 14275 | D:9      | a fire crab changed into a meliai
 14286 | D:9      | Noticed a two-headed ogre
 14311 | D:9      | Killed a two-headed ogre
 14738 | D:9      | Noticed Joseph
 14841 | D:9      | Killed Joseph
 15250 | D:9      | Found Gomeann's Antique Weapon Shoppe.
 15382 | D:10     | Entered Level 10 of the Dungeon
 15424 | D:10     | Found a flagged portal.
 15451 | D:10     | Reached skill level 9 in Armour
 15464 | D:10     | Reached skill level 7 in Spellcasting
 15494 | D:10     | Noticed a two-headed ogre
 15509 | D:10     | Killed a two-headed ogre
 15524 | D:10     | Identified the +9 hand axe of Reinforcement {freeze, Will++
                  | SInv}
 15589 | Bailey   | Entered a bailey
 15936 | Bailey   | Identified 2 potions of resistance
 15971 | Bailey   | Noticed an orc knight
 15972 | Bailey   | Reached skill level 10 in Fighting
 15982 | Bailey   | Killed an orc knight
 15983 | Bailey   | Reached skill level 11 in Axes
 16083 | Bailey   | Noticed an orc knight
 16114 | Bailey   | Killed an orc knight
 16115 | Bailey   | Reached skill level 11 in Fire Magic
 16158 | Bailey   | Found a burning altar of Makhleb.
 16753 | D:10     | Reached XP level 12. HP: 92/106 MP: 16/23
 17920 | D:10     | Found a broken altar of Ashenzari.
 18052 | D:10     | Found a shadowy altar of Dithmenos.
 18381 | D:11     | Reached skill level 10 in Armour
 18407 | D:11     | Noticed a boulder beetle
 18435 | D:11     | Killed a boulder beetle
 19056 | D:11     | Found a staircase to the Lair.
 19296 | D:11     | Noticed a boulder beetle
 19321 | D:11     | Killed a boulder beetle
 19322 | D:11     | Reached skill level 11 in Fighting
 19322 | D:11     | Reached skill level 12 in Axes
 19650 | D:11     | Reached skill level 12 in Fire Magic
 19836 | D:11     | Found a staircase to the Orcish Mines.
 19850 | D:11     | Noticed a boulder beetle
 19949 | D:11     | Killed a boulder beetle
 20152 | D:11     | Found Dyususul's Tiny Tomes.
 20560 | D:11     | Reached skill level 1 in Conjurations
 20721 | D:12     | Noticed a tengu warrior
 21249 | D:11     | Bought Dusm's Folio of Bolts for 156 gold pieces
 21255 | D:11     | Learned a level 5 spell: Fireball
 22119 | D:12     | Reached skill level 2 in Conjurations
 22351 | D:12     | Reached skill level 11 in Armour
 22819 | D:12     | Reached XP level 13. HP: 116/116 MP: 6/24
 22932 | D:12     | Found an iron altar of Okawaru.
 23030 | D:12     | Noticed Psyche
 23042 | D:12     | Killed Psyche
 23128 | D:12     | Noticed Kirke
 23152 | D:12     | Killed Kirke
 23806 | D:12     | Found Huekhlod's Distillery.
 23897 | D:12     | Reached skill level 3 in Conjurations
 23999 | D:12     | Noticed Maurice
 24242 | D:12     | Maurice stole the +10 mace "Tormentor" {heavy, rC++ Int+3
                  | Stlth-}
 24247 | D:12     | Killed Maurice
 24248 | D:12     | Reached skill level 13 in Axes
 24878 | Lair:1   | Entered Level 1 of the Lair of Beasts
 24922 | Lair:1   | Reached skill level 13 in Fire Magic
 25402 | D:11     | Reached skill level 12 in Fighting
 26211 | Lair:1   | Found a runed translucent gate.
 26211 | Lair:1   | Found a runed translucent gate.
 26211 | Lair:1   | Found a runed translucent gate.
 26320 | Lair:1   | Noticed a minotaur
 26321 | Lair:1   | Noticed MadMike78's ghost (journeyman GnFE)
 26423 | Lair:1   | Reached skill level 4 in Conjurations
 27507 | D:2      | Killed Crazy Yiuf
 27556 | D:2      | Found a shimmering altar of Xom.
 27965 | D:2      | Killed Terence
 29025 | D:9      | Got the Thoughts on Transmogrification
 29213 | Lair:1   | Reached skill level 12 in Armour
 29647 | Lair:2   | Identified the +7 falchion of Ash {vamp, Int+3 Dex+2}
 29833 | Lair:2   | Noticed Sonja
 29888 | Lair:1   | HP: 3/119 [poisoned by Sonja (curare-tipped dart)]
 30264 | Lair:2   | Killed Sonja
 30911 | Lair:2   | Reached skill level 5 in Conjurations
 31154 | Lair:2   | Reached XP level 14. HP: 127/127 MP: 3/25
 31728 | Lair:3   | Found a staircase to the Shoals.
 31866 | Lair:3   | Found a hole to the Spider Nest.
 31871 | Lair:3   | Reached skill level 14 in Axes
 32182 | Lair:2   | Reached skill level 14 in Fire Magic
 32580 | Lair:3   | Reached skill level 13 in Fighting
 33055 | Lair:4   | Found a staircase to the Slime Pits.
 33725 | Lair:4   | Reached skill level 6 in Conjurations
 33934 | Lair:5   | Entered Level 5 of the Lair of Beasts
 33955 | Lair:5   | Found a gate leading to a gauntlet.
 33986 | Gauntlet | Entered a Gauntlet
 33986 | Gauntlet | Found a transporter.
 33986 | Gauntlet | Found a large runed translucent door.
 33986 | Gauntlet | Found a large runed translucent door.
 33986 | Gauntlet | Found a large runed translucent door.
 33986 | Gauntlet | Found a large runed translucent door.
 33986 | Gauntlet | Found a large runed translucent door.
 33986 | Gauntlet | Found a large runed translucent door.
 33986 | Gauntlet | Found a runed translucent door.
 33986 | Gauntlet | Found a runed translucent door.
 33986 | Gauntlet | Found a large runed translucent door.
 33986 | Gauntlet | Found a large runed translucent door.
 33986 | Gauntlet | Found a large runed translucent door.
 33986 | Gauntlet | Found a large runed translucent door.
 33986 | Gauntlet | Found a large runed translucent door.
 33986 | Gauntlet | Found a large runed translucent door.
 33989 | Gauntlet | Found a transporter.
 33990 | Gauntlet | Found a large runed translucent door.
 33990 | Gauntlet | Found a large runed translucent door.
 33991 | Gauntlet | Found a runed translucent gate.
 33991 | Gauntlet | Found a runed translucent gate.
 33991 | Gauntlet | Found a runed translucent gate.
 33991 | Gauntlet | Noticed a quicksilver ooze
 33993 | Gauntlet | Found a transporter.
 33996 | Gauntlet | Found a transporter.
 33996 | Gauntlet | Found a transporter.
 33997 | Gauntlet | Found a transporter.
 34005 | Gauntlet | Found a transporter.
 34006 | Gauntlet | Found a transporter.
 34033 | Gauntlet | Found a transporter.
 34033 | Gauntlet | Found a transporter.
 34035 | Gauntlet | Found a large runed translucent door.
 34035 | Gauntlet | Found a large runed translucent door.
 34041 | Gauntlet | Found a transporter.
 34078 | Gauntlet | Found a transporter.
 34276 | Gauntlet | Identified the ring "Muesaguu" {+Blink Str-5 Int+6 Dex+5
                  | Slay-3}
 34445 | Gauntlet | Identified the +5 broad axe "Oculing" {vamp, Int+5 Dex+4}
 34448 | Gauntlet | Identified the ring "Yvosch" {Str+3 Int+2 SInv}
 34685 | Lair:5   | Reached skill level 13 in Armour
 35103 | Lair:5   | Found a large runed translucent door.
 35104 | Lair:5   | Found a large runed translucent door.
 36684 | Lair:5   | Noticed MakMorn's ghost (journeyman CoGl)
 38001 | Lair:4   | Reached skill level 15 in Axes
 38288 | Lair:4   | Reached skill level 7 in Conjurations
 38288 | Lair:4   | Reached XP level 15. HP: 92/137 MP: 16/26
 38410 | Lair:5   | Reached skill level 15 in Fire Magic
 39147 | Lair:5   | Reached skill level 14 in Fighting
 39171 | Lair:5   | Identified the +0 chain mail of Tang {rPois SInv}
 39172 | Lair:5   | Identified the +5 short sword "Aheph" {flame, rElec rC++
                  | Int+3 Dex-3}
 39305 | Orc:1    | Entered Level 1 of the Orcish Mines
 40293 | Orc:1    | Found a roughly hewn altar of Beogh.
 40434 | Orc:2    | Entered Level 2 of the Orcish Mines
 40543 | Orc:2    | Noticed Azrael
 40801 | Orc:2    | Killed Azrael
 41052 | Orc:2    | Found a roughly hewn altar of Beogh.
 41179 | Orc:2    | Identified a +1 crystal plate armour
 41179 | Orc:2    | Noticed Donald
 41218 | Orc:1    | Killed Donald
 41506 | Orc:1    | Learned a level 6 spell: Starburst
 41913 | Orc:2    | Found Zup Sel's General Store.
 41921 | Orc:2    | Bought a scroll of identify for 28 gold pieces
 42050 | Orc:2    | Reached skill level 1 in Shields
 42088 | Orc:2    | Reached skill level 14 in Armour
 42103 | Orc:2    | Noticed Saint Roka
 42262 | Orc:2    | Found a staircase to the Elven Halls.
 42851 | Orc:2    | Reached skill level 2 in Shields
 42925 | Orc:2    | Killed Saint Roka
 43076 | Orc:2    | Found a runed translucent gate.
 43076 | Orc:2    | Found a runed translucent gate.
 43076 | Orc:2    | Found a runed translucent gate.
 43077 | Orc:2    | Noticed zenocrate's ghost (journeyman OpEE)
 43175 | Orc:2    | Found a roughly hewn altar of Beogh.
 43448 | Orc:2    | Found a roughly hewn altar of Beogh.
 43605 | Orc:2    | Found Dackily's Assorted Antiques.
 43610 | Orc:2    | Bought a scroll labelled VULOJO TEINIR for 27 gold pieces
 43610 | Orc:2    | Bought a scroll labelled XYGRIL MIAR for 27 gold pieces
 43634 | Orc:2    | Found Coluosmi's Antique Weapon Shoppe.
 43635 | Orc:2    | Found a roughly hewn altar of Beogh.
 43636 | Orc:2    | Found Cuxynam's Antique Armour Emporium.
 43643 | Orc:2    | Bought an ichor-stained chain mail for 228 gold pieces
 43643 | Orc:2    | Identified the +6 chain mail of a ziggurat {rElec MP+9
                  | Int+2} (You bought it in a shop on level 2 of the Orcish
                  | Mines)
 43806 | Orc:2    | Found a roughly hewn altar of Beogh.
 43865 | Orc:2    | Found a roughly hewn altar of Beogh.
 44038 | D:13     | Noticed Urug
 44038 | D:13     | Found a gate to the Vaults.
 44086 | D:13     | Reached skill level 3 in Shields
 44113 | D:13     | Found a frozen archway.
 44124 | IceCv    | Entered an ice cave
 44561 | IceCv    | Reached skill level 16 in Axes
 44646 | IceCv    | Identified a +0 robe of resistance
 44648 | IceCv    | Identified the ring "Ekunurae" {^Contam rC+ Str+7 Dex-3
                  | Slay+2}
 44842 | D:13     | Killed Urug
 45005 | D:13     | Reached skill level 4 in Shields
 45877 | D:13     | Reached skill level 15 in Fighting
 46731 | D:14     | Reached skill level 5 in Shields
 46772 | D:13     | Reached XP level 16. HP: 145/149 MP: 11/27
 47233 | D:15     | Entered Level 15 of the Dungeon
 47814 | D:15     | Found a staircase to the Depths.
 47840 | D:15     | Reached skill level 15 in Armour
 48563 | Orc:2    | Killed zenocrate's ghost
 49121 | Lair:1   | Reached skill level 6 in Shields
 49549 | Lair:1   | Killed MadMike78's ghost
 49677 | Lair:5   | Killed MakMorn's ghost
 49872 | Spider:1 | Entered Level 1 of the Spider Nest
 49875 | Spider:1 | Noticed Agnes
 50428 | Lair:3   | HP: 13/149 [Agnes/+1 lajatang of electrocution (14)]
 50736 | Lair:3   | Killed Agnes
 50900 | Spider:1 | Noticed Jorgrun
 51221 | Lair:3   | Reached skill level 17 in Axes
 51692 | Lair:3   | Found a staircase to the Shoals.
 52303 | Spider:1 | Killed Jorgrun
 53736 | Spider:1 | Identified the +0 robe of Gilead {Int+3 Slay+2}
 53760 | Spider:1 | Reached skill level 7 in Shields
 53927 | Spider:1 | Found a roughly hewn altar of Beogh.
 54037 | Spider:1 | Noticed Frances
 54054 | Spider:1 | Killed Frances
 55029 | Spider:2 | Reached skill level 16 in Fighting
 55331 | Spider:1 | HP: 12/151 [jumping spider (8)]
 55349 | Spider:1 | HP: 14/151 [wolf spider[a torpor snail] (5)]
 55352 | Spider:1 | Slain by a wolf spider

Vanquished Creatures
  Saint Roka (Orc:2)
  Jorgrun (Spider:1)
  Frances (Spider:1)
  Agnes (Lair:3)
  Kirke (D:12)
  Donald (Orc:1)
  An emperor scorpion (Spider:1)
  An orc warlord (D:11)
  The ghost of MakMorn the Severer, a journeyman CoGl of Gozag (Lair:5)
  The ghost of zenocrate the Martial Artist, a journeyman OpEE of Ru (Orc:2)
  2 minotaurs
  A dire elephant (Lair:4)
  Azrael (Orc:2)
  3 entropy weavers (Lair:3)
  The ghost of MadMike78 the Thaumaturge, a journeyman GnFE of Qazlal (Lair:1)
  A fire dragon (Lair:5)
  6 hydras
  An ice dragon (IceCv)
  8 centaur warriors
  2 catoblepae (Lair:5)
  2 ogre magi
  3 radroaches
  An alligator (Lair:5)
  10 two-headed ogres
  7 boulder beetles
  2 death knights
  7 death yaks
  A deep troll earth mage (D:15)
  3 demonic crawlers
  4 tengu warriors
  Urug (D:13)
  Sonja (Lair:2)
  3 pharaoh ants
  A skyshark (Lair:5)
  8 skeletal warriors
  2 obsidian statues
  A sun moth (Spider:2)
  A swamp dragon (Lair:5)
  An orb spider (Spider:1)
  Pikel (D:6)
  2 deep elf pyromancers (D:15)
  4 steelbarb worms
  6 ugly things
  2 orc sorcerers (Orc:2)
  5 wolf spiders
  6 orc knights
  6 cyclopes
  5 oklob plants
  7 manticores
  Maurice (D:12)
  2 meliai (D:8)
  4 black mambas
  An apocalypse crab (Gauntlet)
  6 elephants
  2 kobold blastminers (Orc:2)
  2 ice statues (IceCv)
  Joseph (D:9)
  4 torpor snails
  A gargoyle (D:9)
  11 cane toads
  7 unseen horrors
  A minotaur zombie (Gauntlet)
  11 rime drakes
  3 kobold demonologists
  Maggie (D:6)
  An efreet (D:9)
  12 komodo dragons
  A yaktaur (shapeshifter) (D:15)
  Psyche (D:12)
  A freezing wraith (D:14)
  2 tengu conjurers
  2 polar bears
  8 trolls
  Prince Ribbit (D:6)
  7 tarantellas
  26 blink frogs
  2 hornets
  9 jumping spiders
  10 dream sheep
  5 slime creatures (D:14)
  Sigmund (D:3)
  A shadow (D:11)
  2 wraiths
  3 vampires
  16 humans
  3 fire elementals (Orc:2)
  7 basilisks
  41 yaks
  6 wyverns
  6 culicivoras
  7 wargs
  6 hogs
  17 redbacks
  5 steam dragons
  11 vampire mosquitoes
  11 water moccasins
  3 acid dragons
  3 hell hounds
  2 black bears
  30 orc warriors
  A sky beast (D:7)
  8 wolves
  2 laughing skulls
  8 ogres
  An ogre (shapeshifter) (D:15)
  7 centaurs
  2 phantoms
  10 kobold brigands
  Blork the orc (D:5)
  9 bullfrogs
  2 gnoll sergeants
  7 scorpions
  14 wights
  6 killer bees
  3 lindwurm simulacra (IceCv)
  9 howler monkeys
  An electric eel (Lair:1)
  A crimson imp (D:8)
  A bombardier beetle (D:4)
  5 komodo dragon simulacra (IceCv)
  36 orc priests
  2 gnoll boudas (D:10)
  6 hounds
  9 jellies
  Crazy Yiuf (D:2)
  2 sleepcaps
  Terence (D:2)
  Ijyb (D:2)
  7 iguanas
  25 orc wizards
  Robin (D:2)
  11 gnolls
  5 acid dragon simulacra (IceCv)
  7 adders
  2 shadow imps
  2 white imps
  8 steam dragon simulacra (IceCv)
  2 dart slugs
  A ribbon worm (D:3)
  112 orcs
  10 endoplasms
  2 giant cockroaches
  12 goblins
  9 hobgoblins
  3 jackals (D:1)
  19 kobolds
  A quokka (D:3)
  3 ball pythons
  5 bats
  8 frilled lizards
  2 rats (D:1)
879 creatures vanquished.

Vanquished Creatures (others)
  A cyclops (D:9)
  A slime creature (D:9)
  A golden eye (shapeshifter) (D:9)
  8 foxfires (Lair:1)
  A spectral weapon (D:8)
12 creatures vanquished.

Grand Total: 891 creatures vanquished

Table legend: (Time is in decaauts)
 A = Elapsed time spent in this place.
 B = Non-inter-level travel time spent in this place.
 C = Inter-level travel time spent in this place.
 D = Time resting spent in this place.
 E = Time spent auto-exploring this place.
 F = Levels seen in this place.
 G = Mean time per level.
                   A        B        C        D        E       F      G
               +--------+--------+--------+--------+--------+-----+--------+
         Total |  55126 |  53172 |   1954 |  19912 |  23103 |  27 | 2041.7 |
       Dungeon |  31216 |  29865 |   1351 |   9429 |  14801 |  15 | 2081.1 |
          Lair |  14805 |  14287 |    518 |   6287 |   5543 |   5 | 2961.0 |
   Spider Nest |   2931 |   2931 |      0 |   1924 |    508 |   2 | 1465.5 |
  Orcish Mines |   4371 |   4287 |     84 |   1679 |   1668 |   2 | 2185.5 |
        Bailey |    594 |    594 |      0 |    352 |     15 |   1 |  594.0 |
      Ice Cave |    582 |    582 |      0 |     12 |    411 |   1 |  582.0 |
      Gauntlet |    624 |    624 |      0 |    228 |    156 |   1 |  624.0 |
               +--------+--------+--------+--------+--------+-----+--------+

Top non-repeatable levels by time:
    D:11: 4850 daAuts
  Lair:5: 3458 daAuts
  Lair:1: 3234 daAuts
  Lair:3: 3141 daAuts
     D:8: 2806 daAuts
    D:12: 2734 daAuts
     D:9: 2703 daAuts
  Lair:2: 2702 daAuts
Spider:1: 2542 daAuts
     D:7: 2472 daAuts
  Lair:4: 2269 daAuts
   Orc:2: 2234 daAuts
    D:10: 2233 daAuts
     D:2: 2213 daAuts
   Orc:1: 2136 daAuts

Table legend:
 A = Non-vault XP
 B = Vault XP
 C = Vault XP percentage of total XP
 D = Non-vault monster count
 E = Vault monster count
 F = Vault count percentage of total count
                 A         B        C        D         E       F
            +---------+---------+-------+---------+---------+-------
      Total |  118529 |   83558 |  41.3 |     534 |     345 |  39.2
            +---------+---------+-------+---------+---------+-------
        D:1 |      27 |      13 |  32.5 |      16 |       7 |  30.4
        D:2 |      90 |     135 |  60.0 |      19 |       9 |  32.1
        D:3 |      30 |     223 |  88.1 |      16 |       1 |   5.9
        D:4 |     527 |       0 |   0.0 |      20 |       0 |   0.0
        D:5 |     435 |      94 |  17.8 |      10 |       1 |   9.1
        D:6 |     573 |    1304 |  69.5 |      19 |       3 |  13.6
        D:7 |    1035 |     340 |  24.7 |      19 |       3 |  13.6
        D:8 |    1435 |    5135 |  78.2 |      28 |      23 |  45.1
        D:9 |    4512 |    2619 |  36.7 |      21 |       8 |  27.6
       D:10 |    4342 |    1955 |  31.0 |      21 |       7 |  25.0
       D:11 |    9863 |    4588 |  31.7 |      25 |      46 |  64.8
       D:12 |    7048 |    3719 |  34.5 |      31 |      10 |  24.4
       D:13 |    8428 |    6222 |  42.5 |      20 |      19 |  48.7
       D:14 |    5302 |       0 |   0.0 |      16 |       0 |   0.0
       D:15 |    4846 |    4636 |  48.9 |      12 |       7 |  36.8
     Lair:1 |    7248 |    3373 |  31.8 |      22 |       6 |  21.4
     Lair:2 |    7167 |    3466 |  32.6 |      20 |       7 |  25.9
     Lair:3 |   12809 |    3089 |  19.4 |      36 |       9 |  20.0
     Lair:4 |    5767 |    5257 |  47.7 |      27 |      12 |  30.8
     Lair:5 |    9924 |   11451 |  53.6 |      32 |      32 |  50.0
   Spider:1 |    8864 |    4649 |  34.4 |      24 |       8 |  25.0
   Spider:2 |    9867 |       0 |   0.0 |      20 |       0 |   0.0
      Orc:1 |    3926 |    1594 |  28.9 |      22 |       4 |  15.4
      Orc:2 |    4464 |   11248 |  71.6 |      38 |      72 |  65.5
     Bailey |       0 |    2112 | 100.0 |       0 |      19 | 100.0
      IceCv |       0 |    3783 | 100.0 |       0 |      28 | 100.0
   Gauntlet |       0 |    2553 | 100.0 |       0 |       4 | 100.0
            +---------+---------+-------+---------+---------+-------
